[Event "FIDE WY-U16 Olympiad 2022"]
[Site "Nakhchivan"]
[Date "2022.10.04"]
[Round "3.7"]
[White "Mrittika, Mallick"]
[Black "Nurmanova, Alua"]
[Result "0-1"]
[ECO "B52"]
[WhiteElo "1879"]
[BlackElo "2188"]
[Annotator "TA"]
[PlyCount "62"]
[EventDate "2022.10.02"]
[EventType "team-tourn"]
[EventCountry "AZE"]
[SourceTitle "playchess.com"]
[Source "ChessBase"]
[SourceQuality "1"]
[BlackTeam "Kazakhstan"]
[BlackTeamCountry "KAZ"]
[TimeControl "40/5400+30:1800+30"]

1. e4 c5 2. Nf3 d6 3. Bb5+ Bd7 4. Bxd7+ Nxd7 5. O-O Ngf6 6. Qe2 e6 7. d4 {[%emt 0:00:21] 7.c3 is a critical line.} cxd4 8. Nxd4 a6 {[%emt 0:02:51] B52: Sicilian: Moscow Variation with 3...Bd7.} 9. c4 Be7 10. b3 Rc8 {[%emt 0:00:20] White has an edge.} 11. Bb2 Qb6 12. Rd1 O-O 13. Nc3 Rfe8 14. Kh1 Bf8 15. Rac1 g6 {[%emt 0:02:18] [#]} 16. Rc2 $146 ({Predecessor:} 16. f4 Qa5 17. Qf3 Rc7 18. g4 Bg7 19. Na4 b5 20. Bc3 b4 21. Be1 Nc5 22. a3 Nxa4 23. axb4 {1-0 (42) Bachmann,A (2505)-Bruzon Batista,L (2607) Linares 2008}) 16... Bg7 17. Nf3 Qc7 18. Rcd2 Bf8 19. e5 Nxe5 20. Nxe5 dxe5 21. Na4 Be7 22. Bxe5 Qa5 23. h3 (23. Bc3 $14 {feels stronger.} Qf5 24. f3) 23... b5 ({Black should try} 23... Red8 $11) 24. Bc3 $14 Bb4 25. Bxb4 (25. Qe5 $5 bxa4 26. Qxa5 Bxa5 27. Bxa5 $14) 25... Qxb4 {[%emt 0:00:02] The position is equal.} 26. Nb6 $36 {[%emt 0:01:20][%mdl 2048] White fights for an advantage.} Rb8 27. Qe5 bxc4 28. Qxf6 (28. Nxc4 $5 Nd5 29. Ne3 $11) 28... Qxb6 29. Rd7 Rf8 30. bxc4 Qc6 31. R7d4 Qc5 {[%emt 0:01:10][%mdl 32768] Weighted Error Value: White=0.09 (flawless) /Black=0.08 (flawless) . Loss on time!?} 0-1

[Event "FIDE WY-U16 Olympiad 2022"]
[Site "Nakhchivan"]
[Date "2022.10.04"]
[Round "3.7"]
[White "Abdulkarimli, Eljan"]
[Black "Amilal Munkhdalai"]
[Result "0-1"]
[ECO "B48"]
[WhiteElo "1742"]
[BlackElo "2200"]
[Annotator "TA"]
[PlyCount "48"]
[EventDate "2022.10.02"]
[EventType "team-tourn"]
[EventCountry "AZE"]
[SourceTitle "playchess.com"]
[Source "ChessBase"]
[SourceQuality "1"]
[WhiteTeam "Azerbaijan"]
[BlackTeam "Mongolia"]
[WhiteTeamCountry "AZE"]
[BlackTeamCountry "MGL"]
[TimeControl "40/5400+30:1800+30"]

1. e4 c5 2. Nf3 Nc6 3. d4 cxd4 4. Nxd4 Qc7 5. Nc3 e6 6. Be3 Nf6 7. Qf3 {[%emt 0:01:17] B48: Sicilian: Taimanov: 5 Nc3 Qc7 6 Be3 a6 without Be2.} a6 8. O-O-O Be7 9. Kb1 {[%emt 0:01:28] White is slightly better.} O-O 10. g4 d6 {[%emt 0:03:03] [#]} 11. Qh3 $146 (11. g5 $14 Nd7 12. Qh5) ({Predecessor:} 11. Nxc6 bxc6 12. g5 Nd7 13. h4 Rb8 14. Qg3 e5 15. g6 fxg6 16. h5 g5 17. Bc4+ {1-0 (30) Azarov,S (2586)-Shchekachev,A (2524) Bastia 2019}) 11... Nxd4 $15 12. Rxd4 b5 13. f3 Rb8 14. Qg3 b4 15. Ne2 e5 16. Rd2 Be6 17. h4 {[%emt 0:04:25] [#]} (17. g5 $11 {keeps the balance.} Nh5 18. Qh4) 17... d5 $1 $17 {[%emt 0:03:46] Black is more active.} 18. Nd4 (18. g5 $17 {was necessary.} Nh5 19. Qh2 dxe4 20. fxe4) 18... dxe4 $19 {[%emt 0:00:47][%cal Oe6a2] aiming for ...Bxa2+!} 19. Nxe6 fxe6 20. Bg5 ({Avoid the trap} 20. Bxa6 $2 exf3 21. Qe1 (21. Qxf3 $2 Nd5 $19) 21... Ra8 $19) (20. g5 $142 Nd5 21. Rxd5 (21. fxe4 $2 Nc3+ 22. Kc1 b3 $19) 21... exd5 22. fxe4) 20... Nd5 21. fxe4 $2 {[%emt 0:02:17] [#]} (21. Rxd5 exd5 22. fxe4) 21... Nc3+ $1 22. Ka1 {[%emt 0:00:53] [#]} (22. Kc1 b3) 22... Rxf1+ $1 {[%emt 0:02:42][%mdl 512] Black mates.} 23. Rxf1 (23. Rd1 Rxd1+) 23... Qc4 24. bxc3 Qxf1+ {[%emt 0:00:05] Weighted Error Value: White=0.86/Black=0.07 (flawless)} 0-1

[Event "FIDE WY-U16 Olympiad 2022"]
[Site "Nakhchivan"]
[Date "2022.10.04"]
[Round "3.8"]
[White "Akhilbay, Imangali"]
[Black "Rohit S"]
[Result "1-0"]
[ECO "B91"]
[WhiteElo "2098"]
[BlackElo "2181"]
[Annotator "TA"]
[PlyCount "67"]
[EventDate "2022.10.02"]
[EventType "team-tourn"]
[EventCountry "AZE"]
[SourceTitle "playchess.com"]
[Source "ChessBase"]
[SourceQuality "1"]
[WhiteTeam "Kazakhstan"]
[BlackTeam "India"]
[WhiteTeamCountry "KAZ"]
[BlackTeamCountry "IND"]
[TimeControl "40/5400+30:1800+30"]

1. e4 c5 2. Nf3 d6 3. d4 cxd4 4. Nxd4 Nf6 5. Nc3 a6 6. g3 e5 7. Nb3 Be7 8. Bg2 O-O 9. O-O b5 10. Be3 {[%emt 0:02:24] B91: Sicilian Najdorf: 6 g3.} Be6 11. a4 b4 12. Nd5 {[%emt 0:00:06] The position is equal.} Nxd5 13. exd5 Bf5 14. a5 Nd7 15. Qd2 {[%emt 0:10:05] [#]} (15. Qe2) 15... Rb8 $146 ({Predecessor:} 15... Qc7 16. Rfc1 Rab8 17. Ra4 Qb7 18. c3 bxc3 19. Rxc3 Nf6 20. Bb6 e4 21. Rc6 Nxd5 22. Qxd5 {1-0 (42) Chigaev,M (2631)-Salemgareev,T (2490) Obninsk 2022}) 16. f4 {[%emt 0:09:38][%cal Bf2f4,Bf4f5][%mdl 32] Hoping for fxe5.} Bg6 ({Better is} 16... Qc8 $11) 17. f5 Bh5 18. Ra4 $36 {[%emt 0:10:56][%mdl 2048] Keeping Black busy.} Qc7 19. Rc1 (19. h3 $14) 19... Qb7 (19... Bg4 $11) 20. c3 (20. h3 $5 ) 20... bxc3 21. Rxc3 {[%emt 0:00:05] g4 is the strong threat.} Rfc8 {[%emt 0:04:01] [#] aiming for ...Rxc3.} 22. Rb4 $1 Qxb4 23. Rxc8+ Nf8 $2 {[%emt 0:00:51] [#]} (23... Bf8 $11 24. Qxb4 Rxb4) 24. Qxb4 $1 $18 Rxb4 {[%emt 0:00:04] [#]} 25. Nd2 {[%emt 0:00:06] White is more active.} Bg4 $2 {[%emt 0:06:58] Black cannot hold the game after this.} (25... Rxb2 $16 {keeps fighting.} 26. Re8 Bf6) 26. Re8 Rb7 27. Bf1 {[%emt 0:00:39] White is clearly winning.} Bxf5 28. Bxa6 Rc7 29. Nc4 Bf6 30. Bb6 Re7 31. Rxe7 Bxe7 32. Bb7 Bd3 {[%emt 0:00:54] [#]} 33. a6 $1 Bxc4 34. a7 {[%emt 0:00:04] Weighted Error Value: White=0.12 (very precise) /Black=0.59} 1-0

[Event "FIDE WY-U16 Olympiad 2022"]
[Site "Nakhchivan"]
[Date "2022.10.04"]
[Round "3.8"]
[White "Khuslen, Erdenebayar"]
[Black "Nasibova, Narmin"]
[Result "1-0"]
[ECO "D43"]
[WhiteElo "1590"]
[BlackElo "1504"]
[Annotator "NA RC COMBH"]
[PlyCount "95"]
[EventDate "2022.10.02"]
[EventType "team-tourn"]
[EventCountry "AZE"]
[SourceTitle "playchess.com"]
[Source "ChessBase"]
[SourceQuality "1"]
[WhiteTeam "Mongolia"]
[BlackTeam "Azerbaijan"]
[WhiteTeamCountry "MGL"]
[BlackTeamCountry "AZE"]
[TimeControl "40/5400+30:1800+30"]

1. d4 d5 2. c4 c6 3. Nc3 Nf6 4. Nf3 e6 5. cxd5 exd5 6. Bg5 Bb4 7. Qc2 Nbd7 8. e3 Qa5 9. Bd3 O-O 10. O-O Re8 11. Bh4 Bxc3 12. bxc3 Ne4 13. Ng5 Nxg5 14. Bxg5 h6 15. Bh4 g5 16. Bg3 Nf6 17. Be5 Ng4 18. Bh7+ Kf8 19. Bd6+ Kg7 20. Bf5 Qd8 21. Bxc8 Rxc8 22. Bg3 Re6 23. Qf5 Nf6 24. Be5 Kg8 25. f4 g4 26. Bxf6 Rxf6 27. Qxg4+ Rg6 28. Qh5 Qf8 29. Rab1 b6 30. Rf3 Qg7 31. Rb2 Kh7 32. Rbf2 Rg8 33. Qh3 Rg4 34. f5 Qf6 35. Rf4 R4g5 36. e4 dxe4 37. Rxe4 Qg7 38. Qf3 c5 39. d5 Qf6 40. Re1 Rg4 41. Qe3 Qh4 42. Qe7 Qh5 43. d6 Rh4 44. Qe5 Rh3 45. Rd2 Qh4 46. f6 Kh8 47. Re4 Re3 48. Rxh4 1-0

[Event "FIDE WY-U16 Olympiad 2022"]
[Site "Nakhchivan"]
[Date "2022.10.04"]
[Round "3.9"]
[White "Hidalgo Diaz, Daniel"]
[Black "Samadov, Read"]
[Result "0-1"]
[ECO "D02"]
[WhiteElo "2315"]
[BlackElo "2455"]
[Annotator "TA"]
[PlyCount "116"]
[EventDate "2022.10.02"]
[EventType "team-tourn"]
[EventCountry "AZE"]
[SourceTitle "playchess.com"]
[Source "ChessBase"]
[SourceQuality "1"]
[WhiteTeam "Cuba"]
[BlackTeam "Azerbaijan"]
[WhiteTeamCountry "CUB"]
[BlackTeamCountry "AZE"]
[TimeControl "40/5400+30:1800+30"]

1. d4 Nf6 2. Nf3 d5 3. Bf4 c5 4. e3 Nc6 5. Nbd2 Bg4 6. c3 e6 7. Qb3 {[%emt 0:01:40] 7.Qb3 scores better than 7.Qa4. D02: 1 d4 d5 2 Nf3 sidelines, including 2...Nf6 3 g3 and 2...Nf6 3 Bf4.} Qc8 8. Bb5 Nd7 9. O-O {[%emt 0:02:54] The position is equal.} Be7 {[%emt 0:02:11] [#]} 10. c4 $146 ({Predecessor:} 10. h3 Bf5 11. c4 a6 12. Bxc6 bxc6 13. Rac1 O-O 14. Rfe1 Ra7 15. Qc3 Qb7 16. a3 {1-0 (50) Pham,L (2366)-Ryjanova,J (2299) Chess.com INT 2020}) 10... dxc4 11. Qxc4 a6 12. Bxc6 Qxc6 13. dxc5 Qxc5 (13... Bxf3 $5 14. Nxf3 Nxc5 $11) 14. Rfc1 Qxc4 15. Rxc4 b5 16. Rc7 f6 17. h3 Bxf3 18. gxf3 e5 19. Bh2 Nc5 20. Nb3 Ne6 21. Rc6 Kf7 22. f4 exf4 23. exf4 Rhc8 24. Rac1 (24. Rxc8 $1 $15 Rxc8 25. f5) 24... Rxc6 $17 25. Rxc6 f5 26. Na5 Ra7 27. Bg3 h5 28. f3 $2 (28. h4 $17 {keeps fighting.}) 28... Rc7 (28... Rd7 $19 {has better winning chances.} 29. Rxa6 Rd1+ 30. Kg2 h4) 29. Rxc7 Nxc7 {[%emt 0:00:04][%mdl 4096] Endgame KBN-KBN} 30. Nc6 Nd5 31. Ne5+ Ke6 32. Nd3 Bd6 33. Kf2 a5 34. Ke2 a4 35. Kd2 g5 36. Ke1 Kd7 (36... Nxf4 37. Nxf4+ gxf4 38. Bf2 $15) (36... gxf4 37. Bh4 $17) 37. Kd2 Ke6 $2 (37... gxf4 38. Bh4 $17) (37... Nxf4 38. Bxf4 gxf4 39. Kc3 $11) (37... h4 $19 38. Bh2 b4) 38. Ke2 (38. Ke1 $1 $11 {was the only way to keep the balance.}) 38... Bc7 {[%emt 0:00:44] Black is more active.} ({And not} 38... Nxf4+ 39. Nxf4+ gxf4 40. Bf2 $15) 39. Kf2 Nxf4 (39... g4 $17 40. Kg1 gxh3) 40. Bxf4 $11 gxf4 $17 {[%emt 0:00:35] KB-KN} 41. Ke2 (41. Ne1 $11 {remains equal.}) 41... Kd5 {[%emt 0:03:18] White is on the road to losing.} 42. Kd2 Kc4 43. Kc2 Kd4 {[%emt 0:00:58] And now ...Ke3 would win.} 44. Kd2 Bd6 45. a3 $2 (45. Ke2 $17 {nothing else works.}) 45... Bc7 $19 46. Ke2 Kc4 (46... Bd8 $142 47. Nc1 (47. Nxf4 $2 Kc4 $19) 47... Kc4) 47. Kd2 Kb3 {[%emt 0:01:18] Threatens to win with ...Kc4.} 48. Kc1 Bb6 49. Kb1 Be3 50. Ne5 Bc5 51. Nd3 Bd6 52. Nc1+ $2 (52. Kc1 $17) 52... Kc4 53. Kc2 Bc7 $2 (53... b4 $19 {and Black stays clearly on top. White must now prevent ...b3+.} 54. axb4 Kd4) 54. Nd3 $2 {[%emt 0:00:00][%mdl 8192] [#]} (54. Ne2 $17) 54... Kd4 $1 {[%emt 0:00:53] ...Ke3 is the strong threat. Black is clearly winning.} 55. Kd2 Ba5+ 56. Ke2 {[%emt 0:00:00] [#]} Kc4 $1 ({Weaker is} 56... Bc7 57. Nc1 $17) 57. Nxf4 Kb3 58. Nd3 Kc2 {[%emt 0:00:28] Weighted Error Value: White=0.47/Black=0.27 (precise)} 0-1

[Event "FIDE WY-U16 Olympiad 2022"]
[Site "Nakhchivan"]
[Date "2022.10.04"]
[Round "3.9"]
[White "Baranciuc, Alexandr"]
[Black "Seyid, Huseyn"]
[Result "0-1"]
[ECO "B25"]
[WhiteElo "2121"]
[BlackElo "2125"]
[Annotator "TA"]
[PlyCount "110"]
[EventDate "2022.10.02"]
[EventType "team-tourn"]
[EventCountry "AZE"]
[SourceTitle "playchess.com"]
[Source "ChessBase"]
[SourceQuality "1"]
[WhiteTeam "Moldova"]
[BlackTeam "Azerbaijan"]
[WhiteTeamCountry "MDA"]
[BlackTeamCountry "AZE"]
[TimeControl "40/5400+30:1800+30"]

1. e4 c5 2. Nc3 Nc6 3. g3 g6 4. Bg2 Bg7 5. d3 d6 6. f4 Rb8 7. a4 {[%emt 0:01:35] B25: Closed Sicilian: 3 g3, lines without early Be3.} a6 8. Nf3 b5 9. axb5 {[%emt 0:00:49] The position is equal.} axb5 10. O-O b4 11. Ne2 e6 12. Kh1 Nge7 13. d4 cxd4 14. Nfxd4 Nxd4 15. Nxd4 {[%emt 0:00:02][%cal Of4f5] Strongly threatening f5!} O-O $1 {[%emt 0:02:58] [#]} 16. Qd3 $146 ({Predecessor:} 16. Be3 Qd7 17. Qd2 Bb7 18. Ra5 f5 19. exf5 Nxf5 20. Nxf5 Rxf5 21. Rxf5 gxf5 22. Bd4 Bxg2+ 23. Kxg2 Qc6+ 24. Kh3 Qc4 25. Rd1 Bxd4 26. Qxd4 Qxd4 27. Rxd4 Rb6 {½-½ (27) Welz,P (1999)-Stark,I (2148) Germany 2017}) 16... Qd7 17. Rd1 Rd8 18. Ra2 Bb7 19. Be3 Qc8 20. b3 (20. c4 $11 {keeps the balance.}) 20... e5 $1 $17 21. Nb5 Qc6 (21... d5 $1 $17 {[%cal Rd5e4] aiming for ...dxe4.} 22. Bb6 (22. exd5 $2 Rxd5 23. Qf1 Rxd1 $19) 22... Rf8 23. exd5 Bxd5 $1 24. Bxd5 Rxb6) 22. fxe5 ({Avoid the trap} 22. Nxd6 $2 Nf5 $1 23. Ra6 Bxa6 $19) 22... Bxe5 {[%emt 0:00:49] Threatens to win with ...d5.} 23. Nd4 Qe8 24. Nf3 Bg7 25. Bd4 d5 26. e5 Nf5 27. g4 Nxd4 28. Qxd4 Qb5 29. Bf1 Qc6 30. g5 Re8 31. Bd3 Qc7 32. Re1 Bf8 33. Raa1 Re6 34. Re2 Rbe8 35. Rae1 Bg7 36. Kg2 ({Much weaker is} 36. Bb5 R8e7 $15) 36... Qc3 37. Qxc3 bxc3 38. Kf2 Bf8 39. Kg3 Bc5 40. Kf4 ({White should play} 40. h4 $11) 40... Ra8 41. h4 (41. Kg3 $11) 41... Rb6 {[%emt 0:01:56] Black has more active pieces.} 42. h5 Rb4+ 43. Kg3 gxh5 44. e6 (44. Bf5 $17 {keeps fighting.}) 44... Rg4+ 45. Kh3 fxe6 {[%emt 0:00:51] ...Rf8 is the strong threat.} 46. Rxe6 (46. Ne5 $17 {was worth a try.} Rxg5 47. Nd7) 46... Rf8 47. Re8 $2 {[%emt 0:02:29] This move loses the game for White.} (47. Ne5 $17 Rxg5 48. Nd7 Rf3+ 49. Kh4 Rg4+ 50. Kxh5) 47... Bd6 $19 48. Rxf8+ Kxf8 49. Re6 $2 (49. Ne5 Rxg5 50. Rf1+ Ke7 51. Rf7+ Ke6 52. Rxb7 Rxe5 53. Kg2) 49... Bc7 50. Rf6+ $2 (50. g6 hxg6 51. Ne5 Bxe5 52. Rxe5) 50... Kg7 $2 (50... Ke7 {White must now prevent ...d4.} 51. Bxh7 d4) 51. Rh6 {[%emt 0:00:38] [#]} Rg3+ $1 52. Kh4 {[%emt 0:00:02] [#]} Bc8 $1 53. Rxh7+ Kg8 54. g6 $2 (54. Kxh5 Bd6 55. Rh6 Rh3+ 56. Nh4) 54... Bf4 55. Kxh5 Rxf3 {[%emt 0:00:22] Weighted Error Value: White=0.55/Black=0.26 (precise)} 0-1

[Event "FIDE WY-U16 Olympiad 2022"]
[Site "Nakhchivan"]
[Date "2022.10.04"]
[Round "3.10"]
[White "Suleymanli, Suleyman"]
[Black "Gonzalez Soler, Leduard Manuel"]
[Result "0-1"]
[ECO "A06"]
[WhiteElo "2304"]
[BlackElo "2251"]
[Annotator "TA"]
[PlyCount "92"]
[EventDate "2022.10.02"]
[EventType "team-tourn"]
[EventCountry "AZE"]
[SourceTitle "playchess.com"]
[Source "ChessBase"]
[SourceQuality "1"]
[WhiteTeam "Azerbaijan"]
[BlackTeam "Cuba"]
[WhiteTeamCountry "AZE"]
[BlackTeamCountry "CUB"]
[TimeControl "40/5400+30:1800+30"]

1. Nf3 d5 2. g3 Nf6 3. Bg2 e6 4. O-O Be7 5. c4 O-O 6. d4 c6 7. Nc3 b6 8. b3 Ba6 {[%emt 0:00:55] E06: Closed Catalan: Early deviations.} 9. Nd2 b5 10. c5 $1 b4 {[%emt 0:00:41] White is slightly better.} 11. Na4 Nbd7 {[%emt 0:13:21][%cal Bb8d7,Bd7f6,Bf6e4][%mdl 32] [#]} 12. f4 $146 ({Predecessor:} 12. a3 bxa3 13. f4 Rb8 14. Re1 Ne8 15. Bxa3 Nc7 16. Nf3 Rb7 17. Qc2 f5 18. Bc1 {1-0 (49) Riazantsev,A (2639)-Asadli,V (2538) Moscow 2020}) 12... Ng4 13. Nf3 h5 (13... Bb5 $11 {was preferrable.}) 14. Bd2 (14. a3 $16) 14... Ndf6 $11 15. Ne5 ({Of course not} 15. Bxb4 Ne3 16. Qd2 Nxf1 17. Rxf1 Ne4 $15) ({Much worse is} 15. h3 Nh6 $11) 15... Bb5 16. Bf3 ({Reject} 16. Bxb4 Ne3 17. Qd2 Nxf1 18. Rxf1 Qc8 $11) 16... Rb8 17. Nb2 Nxe5 18. fxe5 Ne4 19. Be3 h4 20. Bxe4 dxe4 21. Nc4 Bxc4 22. bxc4 f5 23. exf6 gxf6 (23... Bxf6 $14 24. gxh4 Rf7) 24. Bh6 (24. gxh4 $142 {Strongly threatening Kh1.} f5 25. Kh1) 24... Rf7 $16 25. e3 {[%emt 0:00:27] Qg4+ is the strong threat.} Rh7 26. Qg4+ Kh8 27. Bf4 Qg8 28. Qxg8+ Rxg8 29. Kg2 Rh5 {[%emt 0:02:54] [#] Threatens to win with ...e5.} 30. Bc7 e5 31. dxe5 fxe5 32. Bd6 Bd8 33. Rf8 $2 {[%emt 0:05:09][%mdl 8192] Now White is beyond hope.} (33. a3 $11 b3 34. Rab1) 33... Rxf8 34. Bxf8 $19 {[%emt 0:00:02][%mdl 4096] Endgame KRB-KRB} h3+ 35. Kg1 Rf5 36. Rf1 Rxf1+ 37. Kxf1 {[%emt 0:00:01] KB-KB} a5 38. Bd6 Kg7 39. Ke2 a4 40. Kd2 Kf6 {[%emt 0:00:35] [#] Hoping for ...Kf5.} 41. Bf8 Kf5 42. Bg7 Be7 43. g4+ Kxg4 {[%emt 0:00:07] ( -> ...Kf3)} 44. Bxe5 Kf3 {[%emt 0:00:42] Black mates.} 45. Bd6 Bg5 46. Bc7 Bxe3+ {[%emt 0:00:14] Weighted Error Value: White=0.83/Black=0.29 (precise)} 0-1

[Event "FIDE WY-U16 Olympiad 2022"]
[Site "Nakhchivan"]
[Date "2022.10.04"]
[Round "3.10"]
[White "Hasanli, Rza"]
[Black "Cebotari, Stanislav"]
[Result "0-1"]
[ECO "A16"]
[WhiteElo "1566"]
[BlackElo "2047"]
[Annotator "TA"]
[PlyCount "82"]
[EventDate "2022.10.02"]
[EventType "team-tourn"]
[EventCountry "AZE"]
[SourceTitle "playchess.com"]
[Source "ChessBase"]
[SourceQuality "1"]
[WhiteTeam "Azerbaijan"]
[BlackTeam "Moldova"]
[WhiteTeamCountry "AZE"]
[BlackTeamCountry "MDA"]
[TimeControl "40/5400+30:1800+30"]

1. c4 Nf6 2. Nc3 g6 3. e4 d6 4. g3 Bg7 5. Bg2 e5 6. Nge2 {[%emt 0:00:11] A16: English Opening: 1...Nf6 with ...d5.} Be6 7. b3 {[%emt 0:01:03] [#]} a5 $146 ({Predecessor:} 7... Qd7 8. h3 O-O 9. Bb2 a5 10. d4 exd4 11. Nxd4 Nc6 12. Nxe6 fxe6 13. O-O Nh5 {1-0 (65) Nemeth,Z (2317)-Soos,A (2378) Hungary 2014}) 8. d4 {[%emt 0:00:22] White is slightly better.} O-O 9. d5 Bc8 10. O-O Na6 11. f3 Nh5 12. g4 (12. a3 $11) 12... Nf4 $1 $15 13. Ng3 Qh4 {[%emt 0:04:11] Black is more active.} 14. Be3 h5 15. gxh5 $1 (15. Bxf4 exf4 16. Nge2 hxg4 17. fxg4 Bxg4) (15. Bxf4 $2 exf4 16. Nge2 hxg4 17. fxg4 Bxg4 $19) 15... Nxg2 (15... gxh5 16. Kh1) 16. Kxg2 Bh3+ 17. Kg1 $2 {[%emt 0:01:11] [#] Black continues to play with concentration.} (17. Kh1 $1 $15) 17... Bxf1 (17... f5 $1 $19 {[%cal Rf5f4] aiming for ...f4.} 18. h6 (18. hxg6 $2 f4 $19) 18... Bf6 19. exf5 gxf5) 18. Qxf1 {[%emt 0:00:43] [#]} (18. Qd2 $17) 18... f5 $1 $36 {[%emt 0:00:58][%cal Bf7f5,Bf5f4][%mdl 2080] Black has strong initiative.} 19. Bf2 (19. exf5 $142 gxf5 20. Bd2) 19... f4 ({Worse is} 19... gxh5 20. Qg2 (20. Nxf5 Qg5+ 21. Qg2 Qxg2+ 22. Kxg2 Kh7 $15) 20... Qf4 21. Nxf5 Rxf5 22. exf5 $11) 20. Nge2 Qxh5 21. Qg2 Kf7 22. Kf1 Nb4 23. Rd1 Rh8 24. Ng1 Nc2 25. h3 Bf6 26. Rd3 Nb4 27. Rd2 Bh4 28. Nd1 Na6 29. Nc3 Qg5 30. Qg4 Qxg4 31. fxg4 Bxf2 32. Kxf2 Ke7 33. Kg2 Nc5 34. Nf3 Rh6 35. h4 Rah8 {[%emt 0:01:32] ...Rxh4 is the strong threat.} 36. Kh3 {[%emt 0:03:39] [#]} (36. h5) 36... Rxh4+ $3 {[%emt 0:00:35][%mdl 512] Black is clearly winning.} 37. Nxh4 g5 {[%emt 0:00:00][%cal Bg6g5,Bg5h4][%mdl 96] Pin} 38. Rh2 Rxh4+ 39. Kg2 Rxg4+ 40. Kf2 Rh4 41. Rxh4 gxh4 {[%emt 0:30:01] Weighted Error Value: White=0.53/Black=0.16 (very precise)} 0-1

[Event "FIDE WY-U16 Olympiad 2022"]
[Site "Nakhchivan"]
[Date "2022.10.04"]
[Round "3.11"]
[White "Hernandez Izquierdo, Jose A."]
[Black "Orujov, Farid"]
[Result "1/2-1/2"]
[ECO "C42"]
[WhiteElo "2140"]
[BlackElo "2266"]
[Annotator "TA"]
[PlyCount "91"]
[EventDate "2022.10.02"]
[EventType "team-tourn"]
[EventCountry "AZE"]
[SourceTitle "playchess.com"]
[Source "ChessBase"]
[SourceQuality "1"]
[WhiteTeam "Cuba"]
[WhiteTeamCountry "CUB"]
[TimeControl "40/5400+30:1800+30"]

1. e4 e5 2. Nf3 Nf6 3. Nxe5 d6 4. Nf3 Nxe4 5. Nc3 Nxc3 6. dxc3 Be7 7. Bf4 O-O 8. Qd2 Nd7 9. O-O-O Nc5 10. Re1 {[%emt 0:02:28] C42: Petroff Defence: 3 Nxe5 and unusual White 3rd moves.} Re8 11. Kb1 Bf6 {[%emt 0:18:25] [#]} 12. Bb5 $146 ({Predecessor:} 12. Bc4 Be6 13. Bxe6 Nxe6 14. Be3 Qd7 15. Qd5 Qc6 16. c4 Qa4 17. Rd1 Rad8 18. Qb5 Qxb5 {½-½ (18) Dos Santos,M-Herzog,K LSS email 2007}) 12... Bd7 13. Bxd7 Qxd7 14. Qd5 {[%emt 0:02:50] Inhibits Ne4.} Qg4 15. Bg5 c6 (15... Qxg2 $2 16. Reg1 Re5 17. Rxg2 $18) 16. Qxd6 Ne4 17. Qf4 Qxg2 18. Rhg1 Bxg5 19. Qxe4 (19. Rxg2 $2 {too greedy.} Bxf4 20. Reg1 g6 $19) 19... Qxg1 20. Nxg1 Rxe4 21. Rxe4 $17 {[%emt 0:00:01][%mdl 4096] Endgame KRB-KRN} Rd8 {[%emt 0:00:00][%cal Rd8d1] [#]} 22. Rd4 {[%emt 0:04:46] Inhibits Rd1+.} c5 23. Rxd8+ Bxd8 {[%emt 0:00:02] KB-KN} 24. Kc1 Bc7 25. h3 f5 26. a4 g5 27. f3 (27. Kd2 $17) 27... Kf7 28. Kd2 Kg6 {[%emt 0:02:54] aiming for ...Kh5.} 29. Ke1 Kh5 30. Kf1 Kh4 31. Kg2 {[%emt 0:00:24] Inhibits Bh2.} g4 32. fxg4 (32. b4 $17 {was necessary.}) 32... fxg4 $19 33. b4 (33. hxg4 {is a better defense.} Kxg4 34. Nh3) 33... gxh3+ 34. Nxh3 c4 ({Black should play} 34... Bd6 $19 35. bxc5 Bxc5) 35. Nf2 $17 Be5 36. Nd1 {[%emt 0:00:05] [#]} (36. Ne4 $17 {was the only chance.}) 36... Kg5 $1 $19 37. b5 Kf4 $2 (37... Kf6 $19 {and Black stays clearly on top. Hoping for ...Ke7.} 38. Kf3 Ke6) 38. Nb2 $17 Bxc3 (38... b6 $17) 39. Nxc4 $11 {[%emt 0:00:05] The position is equal.} Bb4 {[%emt 0:00:40] White must now prevent ...Ke4.} 40. c3 $1 Bxc3 41. Nd6 Ke5 42. Nxb7 Kd5 43. a5 Bxa5 44. Nxa5 Kc5 45. Nc6 Kxb5 46. Nxa7+ {[%emt 0:00:00] And White is the lucky defender.  Weighted Error Value: White=0.15 (very precise) /Black=0.13 (very precise)} 1/2-1/2

[Event "FIDE WY-U16 Olympiad 2022"]
[Site "Nakhchivan"]
[Date "2022.10.04"]
[Round "3.11"]
[White "Bargan, Victoria"]
[Black "Abdullabayli, Rajab"]
[Result "0-1"]
[ECO "E32"]
[WhiteElo "1703"]
[BlackElo "1547"]
[Annotator "NA RC COMBH"]
[PlyCount "106"]
[EventDate "2022.10.02"]
[EventType "team-tourn"]
[EventCountry "AZE"]
[SourceTitle "playchess.com"]
[Source "ChessBase"]
[SourceQuality "1"]
[WhiteTeam "Moldova"]
[BlackTeam "Azerbaijan"]
[WhiteTeamCountry "MDA"]
[BlackTeamCountry "AZE"]
[TimeControl "40/5400+30:1800+30"]

1. d4 Nf6 2. c4 e6 3. Nc3 Bb4 4. Qc2 b6 5. a3 Bxc3+ 6. Qxc3 Bb7 7. Nf3 h6 8. Bf4 d6 9. h3 Nbd7 10. e3 Ne4 11. Qc2 f5 12. Be2 Qf6 13. Bh2 g5 14. Rf1 O-O-O 15. O-O-O g4 16. Ng1 g3 17. Bxg3 Nxg3 18. fxg3 Qg5 19. Bf3 Qxe3+ 20. Kb1 Qg5 21. Bxb7+ Kxb7 22. Qf2 Rhg8 23. Qf3+ c6 24. d5 Ne5 25. dxc6+ Kc7 26. Qb3 Qxg3 27. Qa4 Nxc6 28. Ne2 Qxg2 29. Nc3 Kb7 30. Nb5 a6 31. Nc3 Qg7 32. Rfe1 Qf6 33. Ne2 f4 34. b4 Qf5+ 35. Ka2 e5 36. b5 axb5 37. cxb5 Na5 38. Rc1 Rc8 39. Qb4 Qe6+ 40. Kb2 Nc4+ 41. Ka1 Ne3 42. Nc3 Rc4 43. Qb3 Rgc8 44. Rg1 R8c7 45. Ka2 d5 46. a4 d4 47. a5 dxc3 48. a6+ Ka7 49. Rxc3 Ra4+ 50. Kb2 Qxb3+ 51. Kxb3 Ra3+ 52. Kxa3 Rxc3+ 53. Ka2 Rc7 0-1